 Dungeon Crawl Stone Soup version 0.31-a0-876-gfe8ebadbca (webtiles) character file.

Game seed: 291515116502307242

6 kae the Vexing (level 1, -3/13 HPs)
             Began as a Demonspawn Enchanter on Oct 13, 2023.
             Frozen to death by an endoplasm (4 damage)
             ... on level 1 of the Dungeon.
             The game lasted 00:00:17 (72 turns).

kae the Vexing (Demonspawn Enchanter)                 Turns: 72, Time: 00:00:18

Health: -3/13      AC:  2    Str:  8    XL:     1   Next: 75%
Magic:  3/3        EV: 12    Int: 16    God:
Gold:   0          SH:  0    Dex: 13    Spells: 4/4 levels left

rFire   . . .        a - +1 dagger
rCold   . . .        (no shield)
rNeg    . . .        b - +0 robe
rPois   .            (no helmet)
rElec   .            (no cloak)
rCorr   .            (no gloves)
SInv    .            (no boots)
Will    .....        (no amulet)
Stlth   ++           (no ring)
HPRegen 0.22/turn    (no ring)
MPRegen 0.08/turn

%: no passive effects
@: no status effects
A: no striking features
a: no special abilities


You were on level 1 of the Dungeon.
You visited 1 branch of the dungeon, and saw 1 of its levels.


   Skills:
 + Level 0.2 Fighting
 * Level 1.1 Short Blades
 - Level 1.7 Dodging
 + Level 2.7 Stealth
 + Level 2.0 Spellcasting
 * Level 3.1 Hexes


You had 4 spell levels left.
You didn't know any spells.
Your spell library contained the following spells:

 Spells                   Type           Power      Damage    Failure   Level
 Ensorcelled Hibernation  Hex/Ice        12%        N/A       16%         2
 Confusing Touch          Hex            11%        N/A       17%         3
 Tukima's Dance           Hex            11%        N/A       17%         3
 Dazzling Flash           Conj/Hex       12%        N/A       32%         3

Inventory:

Hand Weapons
 a - a +1 dagger (weapon)
 e - a +0 antimagic dagger
   (You took it off a goblin on level 1 of the Dungeon)
Armour
 b - a +0 robe (worn)
Potions
 c - 2 potions of invisibility
 d - a potion of heal wounds {unknown}

Dungeon Overview and Level Annotations

Branches:
Dungeon (1/15) Zot: 5927

Altars:

####............
...........[......
..#..............♣
).................
..!.............♣
#.)..........♣♣
.###w..........♣
.#.
............#.J.♣
♣..
######......#.@.♣
♣.. #..####...♣†♣♣
♣.## .....
###..♣.♣♣♣♣♣♣♣♣..#
......
###.#..♣....♣..#
......
#####........#
...... #.......###
.... #.........#
#...#####.#
#########.#


You could see an endoplasm.


Message History

Found an escape hatch in the floor.
Found a staircase leading out of the dungeon.
d - a fuming black potion No target in view!
No target in view!
A rat comes into view.
A rat is nearby!
A rat is nearby!
A goblin comes into view. It is wielding a +0 antimagic dagger.
The goblin shouts!
There are monsters nearby!
You hit the goblin. You barely miss the goblin.
The goblin hits you but does no damage.
There are monsters nearby!
You barely miss the goblin. The goblin closely misses you.
You closely miss the goblin. The goblin misses you.
There are monsters nearby!
You barely miss the goblin. The goblin completely misses you.
You barely miss the goblin. The goblin hits you but does no damage.
There are monsters nearby!
You hit the goblin. The goblin barely misses you.
You hit the goblin.
You kill the goblin!
You hit the rat but do no damage. The rat bites you.
You completely miss the rat. The rat closely misses you.
You hit the rat.
You kill the rat!
No target in view!
Things that are here:
a +0 antimagic dagger; a goblin corpse A dart slug comes into view.
A dart slug is nearby!
A dart slug is nearby!
Unknown command.
The dart slug launches a dart at you. The slug dart hits you. 😮 HP[-4]
You take 4 damage, and now have 9/13 hp.
MASSIVE DAMAGE!! (PAUSE) 😕 HP[+1]
Things that are here:
a +0 antimagic dagger; a goblin corpse; 😕 HP[+1]
You start resting. 😎 HP[+2]
Your hp is fully restored (13).
A kobold comes into view. It is wielding a +0 short sword.
The kobold shouts!
Things that are here:
a +0 antimagic dagger; a goblin corpse
e - a +0 antimagic dagger The dart slug barely misses you.
You hit the dart slug but do no damage. The dart slug launches a dart at you.
The slug dart hits you.
You hit the dart slug. You hit the dart slug but do no damage.
The kobold closely misses you. The dart slug launches a dart at you.
The slug dart hits you.
You are too injured to fight recklessly! 😮 HP[-4]
You take 4 damage, and now have 9/13 hp.
MASSIVE DAMAGE!! (PAUSE)
You hit the dart slug. The kobold barely misses you.
An endoplasm comes into view.
The endoplasm quivers.
You hit the dart slug.
You kill the dart slug!
The kobold hits you with a +0 short sword.
* * * LOW HITPOINT WARNING * * *
Your Short Blades skill increases to level 1! 😨 HP[-4]
You take 4 damage, and now have 5/13 hp.
MASSIVE DAMAGE!! (PAUSE)
You hit the kobold. The kobold misses you.
You hit the kobold.
You kill the kobold! 😨 HP[+1]
Things that are here:
a +0 short sword; 2 stones; a kobold corpse You hit the endoplasm.
The endoplasm misses you.
You hit the endoplasm. The endoplasm freezes you.
You are frozen.
* * * LOW HITPOINT WARNING * * *
😨 HP[-2]
You take 2 damage, and now have 4/13 hp.
You hit the endoplasm but do no damage.
The endoplasm barely misses you. 😨 HP[+1]
You hit the endoplasm. The endoplasm freezes you.
You are frozen.
* * * LOW HITPOINT WARNING * * *
😱 HP[-4]
You take 4 damage, and now have 1/13 hp.
MASSIVE DAMAGE!! (PAUSE)
You barely miss the endoplasm. The endoplasm barely misses you.
You hit the endoplasm but do no damage. The endoplasm freezes you.
You are frozen.
You die...

Skill      XL: |  1 |
---------------+----+-----
Short Blades   | 1 |  1.1
Fighting       | |  0.2
Dodging        | |  1.7
Stealth        | |  2.7
Spellcasting   | |  2.0
Hexes          | |  3.1

Action                     || total
---------------------------++-------
  Melee: Dagger            ||    24
 Armour: Robe              ||     7
  Dodge: Dodged            ||    12

Levels and vault maps discovered:
D:1:      dpeg_arrival_tiny_j, layout_rooms, chequers_ecumenical_altar_grove

Notes
Turn   | Place    | Note
-------+----------+-------------------------------------------
     0 | D:1      | kae the Demonspawn Enchanter began the quest for the Orb.
     0 | D:1      | Reached XP level 1. HP: 13/13 MP: 3/3
     0 | D:1      | magus.rc [v1.11.3]
    63 | D:1      | Reached skill level 1 in Short Blades
    70 | D:1      | HP: 1/13 [frozen (4)]
    72 | D:1      | Frozen to death by an endoplasm

Vanquished Creatures
  A dart slug (D:1)
  A goblin (D:1)
  A kobold (D:1)
  A rat (D:1)
4 creatures vanquished.

Table legend:
 A = Non-vault XP
 B = Vault XP
 C = Vault XP percentage of total XP
 D = Non-vault monster count
 E = Vault monster count
 F = Vault count percentage of total count
                 A         B        C        D         E       F
            +---------+---------+-------+---------+---------+-------
      Total |       9 |       0 |   0.0 |       4 |       0 |   0.0
            +---------+---------+-------+---------+---------+-------
        D:1 |       9 |       0 |   0.0 |       4 |       0 |   0.0
            +---------+---------+-------+---------+---------+-------

Skill      XL: |  1 |
---------------+----+-----
Short Blades   | 1 |  1.1
Fighting       | |  0.2
Dodging        | |  1.7
Stealth        | |  2.7
Spellcasting   | |  2.0
Hexes          | |  3.1

Action                     || total
---------------------------++-------
  Melee: Dagger            ||    24
 Armour: Robe              ||     7
  Dodge: Dodged            ||    12

Illustrated notes

Table legend:
 A = Kills in this place as a percentage of kills in the entire game.
 B = Kills by you in this place as a percentage of kills by you in the entire game.
 C = Kills by friends in this place as a percentage of kills by friends in the entire game.
 D = Other kills in this place as a percentage of other kills in the entire game.
 E = Experience gained in this place as a percentage of experience gained in the entire game.
 F = Experience gained in this place divided by the number of levels of this place that you have seen.
                   A       B       C       D       E      F
               +-------+-------+-------+-------+-------+----------------------
         Total | 100.0 | 100.0 |   N/A |   N/A | 100.0 |   9.0
       Dungeon | 100.0 | 100.0 |   N/A |   N/A | 100.0 |   9.0
               +-------+-------+-------+-------+-------+----------------------

Table legend: (Time is in decaauts)
 A = Elapsed time spent in this place.
 B = Non-inter-level travel time spent in this place.
 C = Inter-level travel time spent in this place.
 D = Time resting spent in this place.
 E = Time spent auto-exploring this place.
 F = Levels seen in this place.
 G = Mean time per level.
                   A        B        C        D        E       F      G
               +--------+--------+--------+--------+--------+-----+--------+
         Total |     71 |     71 |      0 |      7 |     17 |   1 |   71.0 |
       Dungeon |     71 |     71 |      0 |      7 |     17 |   1 |   71.0 |
               +--------+--------+--------+--------+--------+-----+--------+

Top non-repeatable levels by time:
     D:1: 71 daAuts
